 Dungeon Crawl Stone Soup version 0.32-a0-859-gb0a091d592 (webtiles) character file.

Game seed: 11506280805827528255

687 wilfster70 the Trooper (level 7, -6/48 HPs)
             Began as a Gargoyle Monk on Mar 26, 2024.
             Was an Initiate of Ru.
             Mangled by an ogre
             ... wielding a +0 giant club
              (24 damage)
             ... on level 5 of the Dungeon on Mar 27, 2024.
             The game lasted 00:10:04 (3592 turns).

wilfster70 the Trooper (Gargoyle Monk)              Turns: 3592, Time: 00:10:05

Health: -6/48      AC: 12    Str: 14    XL:     7   Next: 62%
Magic:  7/7        EV:  6    Int: 13    God:    Ru [......]
Gold:   234        SH:  0    Dex: 12    Spells: 6/6 levels left

rFire   + . .        a - +1 mace
rCold   . . .        d - orb {light}
rNeg    + . .        p - +0 chain mail
rPois   ∞            (no helmet)
rElec   +            (no cloak)
rCorr   +            (no gloves)
SInv    .            (no boots)
Will    .....        (no amulet) Stlth
                     k - ring of protection from fire
HPRegen 0.28/turn    m - ring of resist corrosion
MPRegen 0.10/turn

%: no passive effects
@: glowing
A: sickness immunity, AC +4, negative energy resistance 1, electricity
resistance, torment resistance 1, petrification resistance, no forms
a: Renounce Religion


You were on level 5 of the Dungeon.
You worshipped Ru.
Ru was noncommittal.
You visited 2 branches of the dungeon, and saw 6 of its levels.

You collected 234 gold pieces.

Inventory:

Hand Weapons
 a - a +1 mace (weapon)
Armour
 d - an orb of light (worn)
 p - a +0 chain mail (worn)
Jewellery
 k - a ring of protection from fire (left hand)
 m - a ring of resist corrosion (right hand)
 w - an amulet of reflection
Wands
 l - a wand of mindburst (22)
 v - a wand of flame (12)
Scrolls
 b - 2 scrolls of poison {unknown}
 e - 2 scrolls of enchant weapon
 g - 2 scrolls of blinking {unknown}
 h - a scroll of fear
 j - a scroll of immolation {unknown}
 r - a scroll of identify
 t - a scroll of noise {unknown}
Potions
 c - a potion of ambrosia
 f - a potion of might
 i - 3 potions of invisibility {unknown}
 n - a potion of berserk rage {unknown}
 o - a potion of resistance {unknown}
 q - 2 potions of heal wounds {unknown}
 s - a potion of haste {unknown}
 u - a potion of curing {unknown}


   Skills:
 + Level 7.6 Fighting
 - Level 6.0 Maces & Flails
 - Level 2.4 Dodging


You had 6 spell levels left.
You didn't know any spells.
Your spell library contained the following spells:

 Spells                   Type           Power      Damage    Failure   Level
 Jinxbite                 Hex            0%         N/A       100%        2
 Yara's Violent Unravell  Hex/Alch       0%         3d3       100%        5
 Enfeeble                 Hex            0%         N/A       100%        7


Dungeon Overview and Level Annotations

Branches:
Dungeon (5/15)             Temple (1/1) D:4

Altars:
Elyvilon
Fedhas
Gozag
Hepliaklqana
Nemelex Xobeh
Qazlal
Ru
Trog
Uskayaw
Vehumet
Xom
Yredelemnul
Zin


Innate Abilities, Weirdness & Mutations

You are immune to sickness and miasma.
Your stone body is resilient. (AC +4)
You are immune to poison.
You resist negative energy. (rN+)
You are resistant to electric shocks. (rElec)
You are resistant to unholy torment.
You are immune to petrification.
You cannot voluntarily change form.


Message History

You destroy the phantom!
No target in view!
No target in view!
No target in view!
No target in view!
No target in view!
No target in view!
No target in view!
No target in view!
No target in view!
No target in view!
No target in view!
No target in view!
No target in view!
No target in view!
No target in view!
No target in view!
No target in view!
No target in view!
No target in view!
An ogre comes into view. It is wielding a +0 giant club.
Found a bloodstained altar of Trog.
The ogre shouts!
An ogre is nearby!
An orc comes into view. It is wielding a +0 hand axe.
You hit the ogre but do no damage. The ogre hits you with a +0 giant club.
You hit the ogre.
The ogre is lightly wounded.
The ogre hits you with a +0 giant club.
You sock the ogre!
The ogre is heavily wounded.
You hit the ogre.
The ogre is severely wounded.
The ogre hits you with a +0 giant club!!
You hit the ogre but do no damage.
The ogre is severely wounded.
The ogre hits you with a +0 giant club!!
Ouch! That really hurt!
You die...
Ru respects your ultimate sacrifice.

####....# ^## ##.#........>.
........##..... ...#..........
#....†.<##..._. ##...##)........
#........##.... ##.#.............
#.........##...##..#.............
#..........##.#.#.#.......>......
#.......................##.###...
.........####...o...............#
.#########....#.@#.......#....#..
.# . #O###.............# ## ...
#......###....## # ....#
#......##....## # ......
#.......†....# # ......
#<.....###...# # ..... #......#
#...# ..... #......# #...#
#......# #####


You could see an ogre and an orc.

Vanquished Creatures
  A black bear (D:5)
  2 phantoms (D:5)
  A scorpion (D:5)
  A jelly (D:5)
  A bombardier beetle (D:5)
  4 orc wizards
  Ijyb (D:5)
  An iguana (D:5)
  8 adders
  A dart slug (D:3)
  3 ribbon worms
  12 orcs
  5 endoplasms
  4 giant cockroaches
  7 goblins
  4 hobgoblins
  7 jackals
  4 quokkas
  7 ball pythons
  A bat (D:2)
  3 frilled lizards
  7 kobolds
  3 rats
88 creatures vanquished.

Notes
Turn   | Place    | Note
-------+----------+-------------------------------------------
     0 | D:1      | wilfster70 the Gargoyle Monk began the quest for the Orb.
     0 | D:1      | Reached XP level 1. HP: 14/14 MP: 1/1
     2 | D:1      | Noticed an elf
     2 | D:1      | Noticed a vine stalker
     4 | D:1      | Noticed a troll
     4 | D:1      | Noticed an oni
     6 | D:1      | Noticed a merfolk
     8 | D:1      | Noticed a vampire
     8 | D:1      | Noticed a spriggan
    10 | D:1      | Noticed a human
    10 | D:1      | Noticed a demigod
    12 | D:1      | Noticed a barachi
    12 | D:1      | Noticed a felid
    14 | D:1      | Noticed a minotaur
    14 | D:1      | Noticed a naga
    16 | D:1      | Noticed a dwarf
    16 | D:1      | Noticed a djinni
    18 | D:1      | Noticed an armataur
    20 | D:1      | Noticed a ghoul
    22 | D:1      | Noticed a draconian
    24 | D:1      | Noticed a formicid
    24 | D:1      | Noticed a gargoyle
    26 | D:1      | Noticed a demonspawn
    26 | D:1      | Noticed a tengu
    28 | D:1      | Noticed an octopode
   254 | D:1      | Reached XP level 2. HP: 17/19 MP: 2/2
  1040 | D:2      | Noticed a black bear
  1121 | D:2      | Reached XP level 3. HP: 24/24 MP: 3/3
  1350 | D:2      | Reached skill level 4 in Fighting
  1760 | D:3      | Reached XP level 4. HP: 29/29 MP: 4/4
  2096 | D:3      | Upgraded the game from 0.32-a0-841-g4648e6c457 to
                  | 0.32-a0-859-gb0a091d592
  2262 | D:3      | Found a blossoming altar of Fedhas.
  2400 | D:4      | Reached XP level 5. HP: 34/34 MP: 5/5
  2612 | D:4      | Reached skill level 5 in Maces & Flails
  2675 | D:4      | Found a staircase to the Ecumenical Temple.
  2690 | Temple   | Entered the Ecumenical Temple
  2707 | Temple   | Became a worshipper of Ru the Awakened
  2718 | D:4      | Gained mutation: You cannot voluntarily change form. [Ru
                  | sacrifice]
  2773 | D:4      | Found a shimmering altar of Xom.
  2973 | D:4      | Reached XP level 6. HP: 37/40 MP: 6/6
  2998 | D:5      | Entered Level 5 of the Dungeon
  2998 | D:5      | Noticed a black bear
  3009 | D:5      | Killed a black bear
  3010 | D:5      | Reached skill level 5 in Fighting
  3185 | D:5      | Reached skill level 6 in Fighting
  3193 | D:5      | Reached XP level 7. HP: 23/46 MP: 7/7
  3292 | D:5      | Noticed Ijyb
  3319 | D:5      | Killed Ijyb
  3516 | D:5      | Reached skill level 7 in Fighting
  3586 | D:5      | Found a bloodstained altar of Trog.
  3592 | D:5      | Mangled by an ogre

Illustrated notes

Levels and vault maps discovered:
D:1:      kb_arrival_jail, layout_basic
D:2:      minmay_angry_zag, layout_loops_cross, minmay_cupped
D:3:      layout_loops_ring, mainiacjoe_overflow_alcove_4
D:4:      layout_basic, xom_teletrap_fun, minmay_temple_entry_poolview
D:5:      layout_rooms, trog_butcher_becter, guppyfry_shop_venom, uniq_ijyb
Temple:   eino_temple_lava

Skill      XL: |  1  2  3  4  5  6  7 |
---------------+----------------------+-----
Maces & Flails | 4 5 6 |  6.0
Fighting       | 4 6 7 |  7.6
Dodging        | |  2.4

Action                     |  1- 3 |  4- 6 |  7- 9 || total
---------------------------+-------+-------+-------++-------
  Melee: Mace              |    90 |   182 |    73 ||   345
 Invoke: Sacrifice Forms   |       |     1 |       ||     1
    Use: Scroll            |       |     4 |       ||     4
 Armour: Robe              |    62 |       |       ||    62
         Chain mail        |     7 |   211 |    56 ||   274
  Dodge: Dodged            |    78 |    82 |    24 ||   184

Table legend: (Time is in decaauts)
 A = Elapsed time spent in this place.
 B = Non-inter-level travel time spent in this place.
 C = Inter-level travel time spent in this place.
 D = Time resting spent in this place.
 E = Time spent auto-exploring this place.
 F = Levels seen in this place.
 G = Mean time per level.
                   A        B        C        D        E       F      G
               +--------+--------+--------+--------+--------+-----+--------+
         Total |   3646 |   3583 |     63 |    155 |   1687 |   6 |  607.7 |
       Dungeon |   3620 |   3557 |     63 |    155 |   1687 |   5 |  724.0 |
        Temple |     25 |     25 |      0 |      0 |      0 |   1 |   25.0 |
               +--------+--------+--------+--------+--------+-----+--------+

Top non-repeatable levels by time:
     D:1: 989 daAuts
     D:3: 742 daAuts
     D:2: 708 daAuts
     D:5: 606 daAuts
     D:4: 573 daAuts
  Temple: 25 daAuts
